 Dungeon Sprint DCSS version 0.28.0-43-g3370ac3207 (webtiles) character file.

Game seed: 8512867570975923780

3344 boopmooplesden the Severer (level 9, -14/142 HPs)
             Began as a Minotaur Berserker on Mar 17, 2022.
             Was the Champion of Trog.
             Demolished by an orc warrior
             ... wielding a +0 halberd
              (20 damage)
             ... in the Dungeon (Sprint III: "The Ten Rune Challenge").
             The game lasted 00:04:09 (1660 turns).

boopmooplesden the Severer (Minotaur Berserker)     Turns: 1660, Time: 00:04:09

Health: -14/142    AC:  7    Str: 24    XL:     9   Next: 72%
Magic:  8/8        EV: 15    Int:  6    God:    Trog [******]
Gold:   36         SH:  0    Dex: 12    Spells: 8/8 levels left

rFire   + . .      SeeInvis .   k - +2 quarterstaff (chaos)
rCold   . . .      Faith    .   (shield currently unavailable)
rNeg    . . .      Spirit   .   j - +2 robe {rF+}
rPois   .          Reflect  .   (helmet restricted)
rElec   +          Harm     .   l - +0 cloak
rCorr   .          Rampage  .   r - +0 pair of gloves
Will    .....      NoTele   +   (no boots)
Stlth   ..........              (no amulet)
HPRegen 0.33/turn               (no ring)
MPRegen 0.11/turn               (no ring)

@: confused, berserking (expiring), very quick
A: horns 2, retaliatory headbutt, clever 1, electricity resistance
a: Renounce Religion, Berserk, Trog's Hand, Brothers in Arms


You were in the Dungeon.
You worshipped Trog.
Trog was exalted by your worship.
You visited 1 branch You collected 36 gold pieces.

Inventory:

Hand Weapons
 a - a +0 hand axe
 k - a +2 quarterstaff of chaos (weapon)
 s - a +2 long sword of holy wrath
 u - a +5 great mace of flaming
Armour
 b - a +0 animal skin
 j - a +2 robe of fire resistance (worn)
 l - a +0 cloak (worn)
 r - a +0 pair of gloves (worn)
Wands
 p - a wand of flame (19)
Scrolls
 h - a scroll of blinking
 i - a scroll of enchant weapon {unknown}
 m - 2 scrolls of immolation {unknown}
 n - 3 scrolls of identify
Potions
 c - a potion of curing
 d - 2 potions of heal wounds
 e - 2 potions of haste
 f - 2 potions of magic
 g - 2 potions of berserk rage
 o - 2 potions of flight {unknown}
 q - a potion of might
Miscellaneous
 t - a box of beasts


   Skills:
 + Level 14.2 Fighting
 + Level 15.3 Axes
 + Level 12.3 Staves
 + Level 6.4 Armour
 + Level 9.1 Dodging
 + Level 4.7 Stealth


You had 8 spell levels left.
You didn't know any spells.
Your spell library was empty.

Dungeon Overview and Level Annotations

Branches:
Dungeon (1/1)

Altars:
Cheibriados
Dithmenos
Elyvilon
Fedhas
Gozag
Hepliaklqana
Kikubaaqudgha
Makhleb
Nemelex Xobeh
Okawaru
Qazlal
Ru
Sif Muna
Trog
Uskayaw
Vehumet
Wu Jian
Xom
Yredelemnul
Zin
The Shining One
Beogh
Jiyva
Lugonu

Shops:
D (


Innate Abilities, Weirdness & Mutations

You have a pair of horns on your head.
You reflexively headbutt those who attack you in melee.
Your mind is acute. (Int +2)
You are resistant to electric shocks. (rElec)


Message History

* * * LOW HITPOINT WARNING * * *
The orange demon stings you but does no damage.
The orange demon barely misses you.
You thump the orc high priest! You headbutt the orc high priest!
The orc high priest is heavily wounded.
The orc high priest completely misses you.
The orc warrior barely misses you. Something barely misses you.
You sock the orc warrior!
The orc warrior is heavily wounded.
The orc warrior blinks!
The orc high priest no longer looks unusually strong.
The orc warrior no longer looks unusually strong.
The orc high priest no longer looks unusually strong.
The orc high priest hits you with a +0 scimitar.
* * * LOW HITPOINT WARNING * * *
You sock the orc high priest!
The orc high priest seems to speed up.
Your headbutt misses the orc high priest.
The orc high priest is severely wounded.
The orc warrior closely misses you. The orange demon barely misses you. x2
The orc high priest barely misses you.
You sock the orange demon!
The orange demon is lightly wounded.
The orc high priest hits you with a +0 scimitar.
* * * LOW HITPOINT WARNING * * *
Something hits you.
* * * LOW HITPOINT WARNING * * *
The orc warrior barely misses you.
You're too confused to move!
The orange demon misses you. x2
The orc high priest closely misses you.
The orc high priest mumbles some strange prayers to Beogh against you.
You struggle to resist.
The orc warrior closely misses you. Something hits you but does no damage.
You sock the orc high priest! You freeze the orc high priest!
You kill the orc high priest!
Trog accepts your kill. Trog grants you a weapon!
Something appears at your feet!
You see here a +8 lajatang of flaming.
The orange demon disappears in a puff of smoke!
The orc warrior hits you with a +0 halberd!!
You die...

▓▓▓ ▓▓▓ ▓▓▓▓ ▓
##.############$##$#$#$#
#..#___#___#__#$$$$$.∩#.
#..#...#__.#)_#$$.......
#..###'#'###'##)oo.....$
#..#..........#)@o.....#
...'.⌠........#§##o._.$#
...#...######'#.# #$#$#
...#.⌠.#__#...#'##############
...#...#__#...#....#.#.#.....# .
...#'###__#...##.#..#.##.###.# ..
...#)).#__#...'##)#.#.##)#..##...
...#___#__'...#.))#..#..##.)').^.
▓▓▓▓▓▓▓▓▓▓▓▓▓▓▓▓▓▓▓▓▓▓▓▓▓▓▓▓#^...


You could see an orc high priest, 2 orc warriors and an orc priest.

Vanquished Creatures
  Erolcha (D)
  An orc high priest (D)
  An orc knight (D)
  A deep elf pyromancer (D)
  A shadow (D)
  A redback (D)
  A spatial vortex (D)
  An orc warrior (D)
  A necrophage (D)
  5 two-headed ogres (D)
  A water elemental (D)
  An orc priest (D)
  Crazy Yiuf (D)
  A jelly (D)
  Jessica (D)
  A wizard (D)
  A necromancer (D)
  2 orc wizards (D)
  3 humans (D)
  A kobold demonologist (D)
  5 orcs (D)
  An endoplasm (D)
  2 rats (D)
35 creatures vanquished.

Vanquished Creatures (collateral kills)
  An orc (D)
1 creature vanquished.

Grand Total: 36 creatures vanquished

Notes
Turn   | Place    | Note
-------+----------+-------------------------------------------
     0 | D        | boopmooplesden the Minotaur Berserker began the quest for
                  | the Orb.
     0 | D        | Reached XP level 1. HP: 19/19 MP: 0/0
    10 | D        | Reached skill level 4 in Axes
    26 | D        | Reached ** piety under Trog
    31 | D        | Noticed Jessica
    37 | D        | Killed Jessica
    38 | D        | Reached skill level 5 in Fighting
    38 | D        | Reached skill level 5 in Axes
    38 | D        | Reached XP level 2. HP: 29/29 MP: 1/1
    38 | D        | Reached XP level 3. HP: 36/36 MP: 2/2
    91 | D        | Noticed Crazy Yiuf
    96 | D        | Killed Crazy Yiuf
    97 | D        | Reached skill level 6 in Axes
   103 | D        | Reached skill level 7 in Axes
   103 | D        | Reached XP level 4. HP: 26/45 MP: 3/3
   131 | D        | Gained mutation: Your spells are a little harder to cast,
                  | but a little more powerful. [potion of mutation]
   131 | D        | Gained mutation: Your body sometimes deteriorates upon
                  | taking damage. [potion of mutation]
   131 | D        | Gained mutation: You have hidden genetic defects. [potion
                  | of mutation]
   131 | D        | Gained mutation: You have sharp toenails. [potion of
                  | mutation]
   132 | D        | Lost mutation: You have hidden genetic defects. [potion of
                  | mutation]
   132 | D        | Lost mutation: Your body sometimes deteriorates upon taking
                  | damage. [potion of mutation]
   132 | D        | Lost mutation: You have sharp toenails. [potion of
                  | mutation]
   132 | D        | Gained mutation: You expend magic power (3 MP) to
                  | strengthen your wands. [potion of mutation]
   132 | D        | Lost mutation: You expend magic power (3 MP) to strengthen
                  | your wands. [potion of mutation]
   132 | D        | Gained mutation: You are agile. (Dex +2) [potion of
                  | mutation]
   133 | D        | Lost mutation: Your spells are a little harder to cast, but
                  | a little more powerful. [potion of mutation]
   133 | D        | Lost mutation: You are agile. (Dex +2) [potion of mutation]
   133 | D        | Gained mutation: You are dopey. (Int -2) [potion of
                  | mutation]
   134 | D        | Lost mutation: You are dopey. (Int -2) [potion of mutation]
   134 | D        | Gained mutation: You are resistant to electric shocks.
                  | (rElec) [potion of mutation]
   134 | D        | Gained mutation: Your mind is acute. (Int +2) [potion of
                  | mutation]
   277 | D        | Noticed a water elemental
   280 | D        | Killed a water elemental
   281 | D        | Reached skill level 8 in Axes
   281 | D        | Reached skill level 1 in Stealth
   416 | D        | Found a shadowy altar of Dithmenos.
   416 | D        | Noticed a necrophage
   420 | D        | Killed a necrophage
   420 | D        | Reached *** piety under Trog
   421 | D        | Reached skill level 10 in Axes
   421 | D        | Reached XP level 5. HP: 56/56 MP: 4/4
   421 | D        | Found a basalt altar of Yredelemnul.
   421 | D        | Found a sacrificial altar of Ru.
   426 | D        | Reached skill level 5 in Armour
   426 | D        | Reached skill level 5 in Dodging
   475 | D        | Found a hide-covered altar of Uskayaw.
   475 | D        | Found an iron altar of Okawaru.
   475 | D        | Found a bloodstained altar of Trog.
   475 | D        | Found an ornate altar of the Wu Jian Council.
   475 | D        | Noticed a human
   477 | D        | Noticed a human
   478 | D        | Killed a human
   479 | D        | Reached skill level 11 in Axes
   479 | D        | Reached XP level 6. HP: 66/66 MP: 5/5
   486 | D        | Killed a human
   486 | D        | Reached **** piety under Trog
   487 | D        | Reached skill level 10 in Fighting
   487 | D        | Reached skill level 12 in Axes
   487 | D        | Reached XP level 7. HP: 73/73 MP: 6/6
   521 | D        | Found a glowing silver altar of Zin.
   521 | D        | Found a glowing golden altar of the Shining One.
   521 | D        | Found a white marble altar of Elyvilon.
   521 | D        | Noticed a deep elf pyromancer
   522 | D        | Noticed a fire elemental
   522 | D        | Noticed a fire elemental
   563 | D        | Killed a deep elf pyromancer
   564 | D        | Reached skill level 13 in Axes
   616 | D        | Found a radiant altar of Vehumet.
   618 | D        | Found a shimmering blue altar of Sif Muna.
   618 | D        | Found an ancient bone altar of Kikubaaqudgha.
   621 | D        | Noticed a ynoxinul
   627 | D        | Reached ***** piety under Trog
   659 | D        | Noticed a shadow
   669 | D        | Killed a shadow
   670 | D        | Reached XP level 8. HP: 15/83 MP: 7/7
   671 | D        | Reached skill level 14 in Axes
   966 | D        | Found a blossoming altar of Fedhas.
   966 | D        | Found a stormy altar of Qazlal.
   966 | D        | Found a snail-covered altar of Cheibriados.
   966 | D        | Found a burning altar of Makhleb.
   966 | D        | Found a shimmering altar of Xom.
   967 | D        | Found a hazy altar of Hepliaklqana.
   967 | D        | Found an opulent altar of Gozag.
   967 | D        | Found a sparkling altar of Nemelex Xobeh.
   967 | D        | Found a corrupted altar of Lugonu.
   967 | D        | Found a viscous altar of Jiyva.
   987 | D        | Reached skill level 5 in Staves
  1429 | D        | Noticed a two-headed ogre
  1434 | D        | Killed a two-headed ogre
  1481 | D        | Noticed a two-headed ogre
  1481 | D        | Noticed Erolcha
  1493 | D        | Killed a two-headed ogre
  1494 | D        | Reached XP level 9. HP: 75/93 MP: 8/8
  1495 | D        | Killed Erolcha
  1496 | D        | Reached skill level 15 in Axes
  1496 | D        | Reached skill level 10 in Staves
  1497 | D        | Received a gift from Trog
  1636 | D        | Found Yvuiluz's Antique Weapon Emporium.
  1636 | D        | Noticed an orc high priest
  1636 | D        | Noticed an orc knight
  1640 | D        | Noticed an orc high priest
  1647 | D        | Killed an orc knight
  1653 | D        | Noticed an orange demon
  1654 | D        | Reached ****** piety under Trog
  1658 | D        | HP: 6/142 [something (2)]
  1660 | D        | Killed an orc high priest
  1660 | D        | Received a gift from Trog
  1660 | D        | Demolished by an orc warrior

Illustrated notes

Levels and vault maps discovered:
D:        dungeon_sprint_mu [sprint_mu_entry_cave, sprint_mu_temple_rooms,
          sprint_mu_d1_spiders, sprint_mu_d2_genie, sprint_mu_d3_branching,
          sprint_mu_orc_legion, sprint_mu_elf_gauntlet, sprint_mu_hive_nellie,
          sprint_mu_lair_fedhas, sprint_mu_vaults_butterflies,
          sprint_mu_slime_circle, sprint_mu_shoals_kraken,
          sprint_mu_snake_twists, sprint_mu_blade_basic, sprint_mu_crypt_lich,
          sprint_mu_tomb_spiral, sprint_mu_vestibule_basic,
          sprint_mu_gehenna_hellfire, sprint_mu_dis_giant,
          sprint_mu_tartarus_statrot, sprint_mu_cocytus_islands, sprint_mu_zot1]

Skill      XL: |  1  2  3  4  5  6  7  8  9 |
---------------+----------------------------+-----
Fighting       | 5 6 8 9 10 12 13 14 | 14.2
Axes           | 5 7 10 11 12 13 14 15 | 15.3
Armour         | 3 4 5 6 |  6.4
Dodging        | 3 4 5 6 7 8 9 |  9.1
Stealth        | 1 2 3 4 |  4.7
Staves         | 2 4 8 12 | 12.3

Action                   |  1- 3 |  4- 6 |  7- 9 || total
-------------------------+-------+-------+-------++-------
Melee: Hand axe          |    13 |       |       ||    13
       Headbutt          |     2 |     2 |    17 ||    21
       Punch             |     1 |       |       ||     1
       Quarterstaff      |       |    18 |    84 ||   102
Invok: Berserk           |     2 |     3 |     6 ||    11
       Brothers in Arms  |       |       |     1 ||     1
  Use: Potion            |       |     4 |       ||     4
 Stab: Sleeping          |     1 |       |       ||     1
Armor: Animal skin       |     1 |       |       ||     1
       Robe              |     1 |     2 |    14 ||    17
Dodge: Dodged            |     4 |     6 |    52 ||    62
